 Dungeon Crawl Stone Soup version 0.28.0-43-g3370ac3207 (webtiles) character file.

Game seed: 17852218886639815981

301 NinjaNoafa the Conjurer (level 6, -4/45 HPs)
             Began as a Draconian Conjurer on Mar 29, 2022.
             Shot with an arrow by a centaur (14 damage)
             ... on level 4 of the Dungeon.
             The game lasted 00:36:01 (3163 turns).

NinjaNoafa the Conjurer (Draconian Conjurer)        Turns: 3163, Time: 00:36:01

Health: -4/45      AC:  6    Str:  9    XL:     6   Next: 14%
Magic:  10/10      EV: 12    Int: 20    God:
Gold:   113        SH:  0    Dex: 10    Spells: 7/11 levels left

rFire   . . .      SeeInvis .   l - +3 dagger (venom)
rCold   + . .      Faith    .   d - orb {*channel}
rNeg    . . .      Spirit   .   (armour unavailable)
rPois   .          Reflect  .   (helmet restricted)
rElec   .          Harm     .   (no cloak)
rCorr   .          Rampage  .   (no gloves)
Will    .....                   (no boots)
Stlth   ++........              (no amulet)
HPRegen 0.15/turn               h - ring of ice
MPRegen 0.12/turn               q - ring of protection from fire

@: brilliant
A: AC +6, unfitting armour, cold-blooded
a: no special abilities


You were on level 4 of the Dungeon.
You visited 1 branch of the dungeon, and saw 4 of its levels.

You collected 113 gold pieces.

Inventory:

Hand Weapons
 i - a +0 flail
 l - a +3 dagger of venom (weapon)
Missiles
 b - 33 arrows
 c - 76 stones
 g - 14 bolts
 j - 50 sling bullets
 t - 4 javelins (quivered)
Armour
 d - an orb of energy (worn)
Jewellery
 h - a ring of ice (left hand)
 q - a ring of protection from fire (right hand)
Wands
 s - a wand of paralysis (2)
Scrolls
 a - a scroll of vulnerability {unknown}
 f - a scroll of enchant armour {unknown}
 m - a scroll of enchant weapon
Potions
 e - a potion of resistance
 k - 3 potions of curing
 o - a potion of degeneration {unknown}
 p - a potion of cancellation {unknown}


   Skills:
 - Level 0.4 Short Blades
 + Level 2.7 Dodging
 + Level 3.0 Stealth
 + Level 3.1 Spellcasting
 * Level 5.4 Conjurations
 + Level 1.8 Evocations


You had 7 spell levels left.
You knew the following spells:

 Your Spells              Type           Power      Damage    Failure   Level
a - Magic Dart            Conj           100%       1d8       1%          1
b - Dazzling Flash        Conj/Hex       42%        N/A       14%         3

Your spell library contained the following spells:

 Spells                   Type           Power      Damage    Failure   Level
 Searing Ray              Conj           74%        2d7       2%          2
 Fulminant Prism          Conj/Hex       10%        3d9       41%         4
 Iskenderun's Mystic Bla  Conj/Tloc      21%        2d6       41%         4


Dungeon Overview and Level Annotations

Branches:
Dungeon (4/15)
 Temple: D:4-7

Altars:


Innate Abilities, Weirdness & Mutations

Your plain brown scales are hard. (AC +6)
You cannot fit into any form of body armour.
You are cold-blooded and may be slowed by cold attacks.


Message History

The centaur shoots an arrow.
The arrow misses you. The orc misses you.
Throw: 5 javelins
Press: ? - help, Q - select action, (/) - cycle Shift-Dir - straight line, f - centaur, p - orc
Aim: a centaur, wielding a +3 shortbow of flaming and quivering arrows (67% to hit)
You throw a javelin.
The javelin pierces through the centaur but does no damage.
The centaur shoots an arrow.
The arrow hits you! The arrow burns you. The orc misses you.
Aiming: Paralyse
Press: ? - help, Shift-Dir - straight line, f - orc, p - centaur
Aim: an orc, wielding a +0 hand axe (moderately wounded, chance to affect: 71%)
The orc suddenly stops moving!
The centaur shoots an arrow.
The arrow hits you. The arrow burns you.
The centaur shoots an arrow.
The arrow closely misses you.
The centaur unwields a +3 shortbow of flaming.
It stops flaming.
The centaur hits you but does no damage.
The centaur kicks you but does no damage.
You hit the centaur but do no damage. The centaur barely misses you.
The centaur kicks you but does no damage.
The centaur hits you. The centaur closely misses you.
You closely miss the centaur.
Your tail-slap misses the centaur.
The centaur hits you.
The centaur kicks you but does no damage.
It was a potion of brilliance.
You feel clever all of a sudden. The centaur closely misses you.
The centaur kicks you.
* * * LOW HITPOINT WARNING * * *
The centaur hits you.
* * * LOW HITPOINT WARNING * * *
The centaur barely misses you.
As you read the scroll labelled DUDOVA WENECS, it crumbles to dust.
The creatures around you are filled with an inner flame!
It was a scroll of immolation.
The centaur misses you. The centaur kicks you.
* * * LOW HITPOINT WARNING * * *
The centaur wields a +3 shortbow of flaming.
It bursts into flame!
The centaur shoots an arrow.
The arrow completely misses you.
The centaur shoots an arrow.
The arrow hits you!
You die...

#.# #.# # .#..#
#.#.# .....
#.#.######
.....#
#........#
###...(.
##.###.##.#
#..... .# ##.##
#.#.###.#.#..##
#.##
#....o.c......
#.# #..[.@.#
#.## ##.######
##.## ##.##
##.###.##
##...## #####


You could see a centaur (inner flame) and an orc (inner flame, paralysed).

Vanquished Creatures
  A scorpion (D:4)
  A jelly (D:3)
  An orc priest (D:3)
  Jessica (D:2)
  5 gnolls
  3 adders
  An adder skeleton (D:2)
  3 worms
  3 dart slugs (D:2)
  4 orcs (D:3)
  8 ball pythons
  3 endoplasms (D:1)
  2 giant cockroaches
  3 goblins
  5 hobgoblins
  4 jackals (D:3)
  2 quokkas
  9 bats
  3 frilled lizards
  6 kobolds
  5 rats
73 creatures vanquished.

Notes
Turn   | Place    | Note
-------+----------+-------------------------------------------
     0 | D:1      | NinjaNoafa the Draconian Conjurer began the quest for the
                  | Orb.
     0 | D:1      | Reached XP level 1. HP: 14/14 MP: 3/3
   216 | D:1      | Reached XP level 2. HP: 18/20 MP: 1/5
   237 | D:2      | Noticed Jessica
   241 | D:2      | Killed Jessica
   242 | D:2      | Reached XP level 3. HP: 16/26 MP: 0/6
   534 | D:1      | Reached XP level 4. HP: 21/33 MP: 4/7
  1247 | D:2      | Reached skill level 1 in Evocations
  1449 | D:2      | Reached XP level 5. HP: 36/38 MP: 7/9
  1620 | D:2      | Reached skill level 5 in Conjurations
  2026 | D:3      | Learned a level 3 spell: Dazzling Flash
  2911 | D:4      | Reached XP level 6. HP: 14/45 MP: 10/10
  3163 | D:4      | Shot with an arrow by a centaur

Illustrated notes

Levels and vault maps discovered:
D:1:      dpeg_arrival_fog, layout_basic
D:2:      minmay_chambers_of_ones, layout_loops_cross, kennysheep_pointless_box,
          uniq_jessica
D:3:      layout_loops_ring
D:4:      layout_loops_ring, uniq_crazy_yiuf_cottage

Skill      XL: |  1  2  3  4  5 |
---------------+----------------+-----
Stealth        | 2 3 |  3.0
Dodging        | 2 |  2.7
Evocations     | 1 |  1.8
Conjurations   | 5 |  5.4
Spellcasting   | 3 |  3.1
Short Blades   | |  0.4

Action                   |  1- 3 |  4- 6 || total
-------------------------+-------+-------++-------
Melee: Dagger            |    19 |   108 ||   127
       Tailslap          |     1 |    17 ||    18
       Spear             |    10 |    19 ||    29
       Flail             |       |     7 ||     7
Throw: Stone             |       |    23 ||    23
       Javelin           |       |     2 ||     2
 Cast: Magic Dart        |    33 |    40 ||    73
       Dazzling Flash    |       |     1 ||     1
Evoke: Wand              |       |     1 ||     1
  Use: Potion            |     1 |     5 ||     6
       Scroll            |     1 |     3 ||     4
 Stab: Sleeping          |     2 |     3 ||     5
       Distracted        |       |     1 ||     1
Armor: Skin              |    17 |    50 ||    67
Dodge: Dodged            |    36 |   129 ||   165
